 Dungeon Crawl Stone Soup version bcrawl-1.40.3b (webtiles) character file.

Game seed: 7510065977635045189

156717 Zero the Chopper (level 7, 0/67 HPs)
             Began as a Minotaur Berserker on Mar 21, 2024.
             Was a Priest of Trog.
             Slain by a hornet zombie (9 damage)
             ... on level 6 of the Dungeon.
             The game lasted 00:09:11 (5774 turns).

Zero the Chopper (Minotaur Berserker)               Turns: 5774, Time: 00:09:12

Health: 0/67       AC:  5    Str: 23    XL:     7   Next: 38%
Magic:  6/6        EV: 12    Int:  4    God:    Trog [***...]
Gold:   226        SH:  0    Dex: 10    Spells: 6/6 levels left

rFire    . . .     GDR:     24% a - +0 hand axe
rCold    + . .     SeeInvis .   (no shield)
rNeg     . . .     Gourm    .   o - +1 leather armour {rC+}
rPois    .         Faith    .   (helmet restricted)
rElec    .         Spirit   .   (no cloak)
rCorr    .         Reflect  .   r - +0 pair of gloves
MR       .....                  (no boots)
Stlth    +.........             h - amulet of the acrobat
HPRegen  0.21/turn              (no ring)
MPRegen  0.10/turn              (no ring)

@: no status effects
A: retaliatory headbutt, horns 2
a: Berserk, Trog's Hand, Renounce Religion


You were on level 6 of the Dungeon.
You worshipped Trog.
Trog was most pleased with you.
You were hungry.

You visited 1 branch of the dungeon, and saw 6 of its levels.
You also visited: Sewer.

You collected 226 gold pieces.

Inventory:

Hand Weapons
 a - a +0 hand axe (weapon)
Missiles
 c - 120 poisoned needles
 A - 41 curare-tipped needles
Armour
 b - a +0 animal skin
 o - a +1 leather armour of cold resistance (worn)
 r - a +0 pair of gloves (worn)
Jewellery
 h - an amulet of the acrobat (around neck)
 j - an uncursed amulet of guardian spirit
 u - an uncursed amulet of the gourmand
 w - a +2 amulet of reflection
Scrolls
 k - 2 scrolls of enchant weapon
 l - 3 scrolls of noise
 m - a scroll of fear
 n - 3 scrolls of teleportation
 q - 2 scrolls of remove curse
Potions
 d - a potion of berserk rage
 f - 3 potions of haste
 g - 2 potions of lignification
 p - 3 potions of magic
 s - 3 potions of flight
 t - a potion of ambrosia
 v - a potion of resistance
 x - a potion of curing {unknown}
Comestibles
 e - 7 rations {!d}


   Skills:
 + Level 7.8 Fighting
 + Level 7.8 Axes
 - Level 2.4 Armour
 - Level 2.1 Dodging


You had 6 spell levels left.
You didn't know any spells.
Your spell library was empty.

Dungeon Overview and Level Annotations

Branches:
Dungeon (6/12)             Temple (0/1) D:4

Altars:
Okawaru
Ru

Shops:
D:5 (


Innate Abilities, Weirdness & Mutations

You reflexively headbutt those who attack you in melee.
You have a pair of horns on your head.


Message History

Trog accepts your kill.
You hit the orc warrior but do no damage.
You hit the hornet zombie. The hornet zombie closely misses you.
You furiously retaliate!
You headbutt the hornet zombie.
The orc warrior hits you with a +0 trident!
The hornet zombie completely misses you.
The orc warrior completely misses you. You furiously retaliate!
You headbutt the orc warrior, but do no damage.
Items here: ) [ †† a +0 hand axe; a +0 ring mail; an orc corpse x2
You hit the orc warrior.
The orc warrior is heavily wounded.
You hit the hornet zombie. The hornet zombie hits you.
You barely miss the orc warrior.
The orc warrior is heavily wounded.
You closely miss the hornet zombie. The hornet zombie barely misses you.
The orc warrior hits you with a +0 trident!
* * * LOW HITPOINT WARNING * * *
The hornet zombie hits you!
You die...

###.<.....#######
##............#
##...#######.#
##..# ##..#####
#......^#
##..###[#
##.###.###.#
#....o@Z...#
####..|.......
###.######. #.#
#.# ###


You could see an orc warrior and a hornet zombie.

Vanquished Creatures
  A hippogriff (D:5)
  A phantom (D:4)
  A scorpion (D:5)
  An orc wizard (D:3)
  Jessica (D:3)
  A bullfrog skeleton (D:5)
  Terence (D:2)
  3 worker ants
  3 gnolls (D:5)
  6 adders
  A shadow imp (D:5)
  2 oozes (Sewer)
  An adder zombie (D:5)
  An adder skeleton (D:5)
  3 worms
  A dart slug (D:2)
  7 leopard geckos
  7 orcs
  2 ball pythons (Sewer)
  9 bats
  7 giant cockroaches
  5 goblins
  9 hobgoblins
  7 jackals
  6 quokkas
  11 frilled lizards
  7 kobolds
  A quokka skeleton (D:4)
  A quokka zombie (D:5)
  5 rats
112 creatures vanquished.

Notes
Turn   | Place    | Note
-------+----------+-------------------------------------------
     0 | D:1      | Zero the Minotaur Berserker began the quest for the Orb.
     0 | D:1      | Reached XP level 1. HP: 19/19 MP: 0/0
   246 | D:1      | Reached XP level 2. HP: 27/27 MP: 1/1
   876 | D:2      | Noticed Terence
   882 | D:2      | Killed Terence
   883 | D:2      | Reached XP level 3. HP: 34/34 MP: 2/2
  1122 | D:2      | Reached ** piety under Trog
  1246 | D:2      | Found an iron altar of Okawaru.
  1246 | D:2      | Found a sacrificial altar of Ru.
  1449 | D:2      | Reached XP level 4. HP: 41/41 MP: 3/3
  1523 | D:2      | Reached skill level 5 in Fighting
  1523 | D:2      | Reached skill level 5 in Axes
  2010 | D:3      | Noticed Jessica
  2016 | D:3      | Killed Jessica
  2035 | D:3      | Reached XP level 5. HP: 46/48 MP: 4/4
  2093 | D:3      | Found a glowing drain.
  2182 | Sewer    | Entered a sewer
  2422 | Sewer    | Reached *** piety under Trog
  3229 | D:3      | Found a faded altar of an unknown god.
  3834 | D:4      | Found a staircase to the Ecumenical Temple.
  4106 | D:4      | Noticed a phantom
  4137 | D:4      | Killed a phantom
  4138 | D:4      | Reached XP level 6. HP: 58/58 MP: 5/5
  4899 | D:5      | Entered Level 5 of the Dungeon
  5233 | D:5      | Reached XP level 7. HP: 44/66 MP: 6/6
  5387 | D:5      | Noticed a hippogriff
  5397 | D:5      | Killed a hippogriff
  5503 | D:5      | Found Lixkein's Antique Weapon Boutique.
  5774 | D:6      | Slain by a hornet zombie

Skill      XL: |  1  2  3  4  5  6 |
---------------+-------------------+-----
Fighting       | 4 5 6 7 |  7.8
Axes           | 4 5 6 7 |  7.8
Armour         | |  2.4
Dodging        | |  2.1

Action                   |  1- 3 |  4- 6 |  7- 9 || total
-------------------------+-------+-------+-------++-------
Melee: Hand axe          |    81 |   170 |    17 ||   268
       Headbutt          |    12 |    21 |     2 ||    35
Invok: Berserk           |     1 |     1 |     1 ||     3
  Use: Scroll            |       |    13 |     4 ||    17
  Eat: Ration            |     2 |     2 |       ||     4
       Chunk             |       |     6 |     3 ||     9
Armor: Animal skin       |     4 |       |       ||     4
       Leather armour    |    17 |    39 |    11 ||    67
Dodge: Dodged            |    49 |   132 |    18 ||   199
